MLB
MIAMI MARLINS @ DETROIT TIGERS
05/23/2019
 
TOP OF THE 1ST
Miami Marlins batting - Pitching for Detroit Tigers : RHP Joe Ross
Pitching: RHP Joe Ross
Batting: LHB Kyle Tucker 0-0: Ball
1-0: DOUBLE (Flyball, 8RXD, EV 113.1 MPH)
Batting: LHB David Dahl 0-0: Fly out, F8 (Flyball, 8LS, EV 84.4 MPH)
Batting: SHB Francisco Lindor 0-0: Ball
1-0: SINGLE (Groundball, 4D, EV 106.3 MPH)
Kyle Tucker to third
Batting: RHB Javier Baez 0-0: Called Strike
0-1: Foul Ball, location: 2F
0-2: Strikes out looking
Batting: RHB Miguel Andujar 0-0: Ball
1-0: Called Strike
1-1: Foul Ball, location: 2F
1-2: SINGLE (Line Drive, 6D, EV 98.1 MPH)
Kyle Tucker scores
Francisco Lindor to second
Batting: LHB Max Kepler 0-0: Ball
1-0: Ball
2-0: Fly out, F9 (Flyball, 9, EV 87.5 MPH)
Top of the 1st over - 1 run, 3 hits, 0 errors, 2 left on base; Miami 1 - Detroit 0
BOTTOM OF THE 1ST
Detroit Tigers batting - Pitching for Miami Marlins : LHP Julio Urias
Pitching: LHP Julio Urias
Batting: RHB Jean Segura 0-0: Ball
1-0: Foul Ball, location: 2F
1-1: Foul Ball, location: 2F
1-2: Foul Ball, location: 2F
1-2: Ground out 6-3 (Groundball, 56, EV 83.8 MPH)
Batting: RHB Starling Marte 0-0: Called Strike
0-1: Swinging Strike
0-2: Ball
1-2: Fly out, F9 (Line Drive, 9, EV 88.8 MPH)
Batting: RHB Khris Davis 0-0: Ball
1-0: Swinging Strike
1-1: Ball
2-1: SINGLE (Groundball, 4MD, EV 105.0 MPH)
Batting: RHB J.T. Realmuto 0-0: Ball
1-0: Ball
2-0: Ground out 1-3 (Groundball, 15S, EV 72.5 MPH)
Bottom of the 1st over - 0 runs, 1 hit, 0 errors, 1 left on base; Miami 1 - Detroit 0
TOP OF THE 2ND
Miami Marlins batting - Pitching for Detroit Tigers : RHP Joe Ross
Batting: RHB C.J. Cron 0-0: Ball
1-0: Foul Ball, location: 2F
1-1: Ball
2-1: Foul Ball, location: 2F
2-2: Ball
3-2: Foul Ball, location: 2F
3-2: Fly out, F4 (Popup, 4MS, EV 70.6 MPH)
Batting: LHB Chance Sisco 0-0: Ground out 6-3 (Groundball, 56, EV 87.5 MPH)
Batting: RHB Cheslor Cuthbert 0-0: Called Strike
0-1: Ball
1-1: Ball
2-1: Fly out, F7 (Flyball, 78D, EV 108.1 MPH)
Top of the 2nd over - 0 runs, 0 hits, 0 errors, 0 left on base; Miami 1 - Detroit 0
BOTTOM OF THE 2ND
Detroit Tigers batting - Pitching for Miami Marlins : LHP Julio Urias
Batting: SHB Kendrys Morales 0-0: Called Strike
0-1: Swinging Strike
0-2: Ball
1-2: Foul Ball, location: 2F
1-2: Strikes out looking
Batting: LHB Corey Dickerson 0-0: Ball
1-0: Called Strike
1-1: Foul Ball, location: 2F
1-2: Ball
2-2: Strikes out swinging
Batting: RHB J.D. Davis 0-0: Called Strike
0-1: Called Strike
0-2: Ball
1-2: Ball
2-2: Foul Ball, location: 2F
2-2: Ball
3-2: Ground out 5-3 (Groundball, 56, EV 105.0 MPH)
Bottom of the 2nd over - 0 runs, 0 hits, 0 errors, 0 left on base; Miami 1 - Detroit 0
TOP OF THE 3RD
Miami Marlins batting - Pitching for Detroit Tigers : RHP Joe Ross
Batting: LHB Kyle Tucker 0-0: Foul Ball, location: 2F
0-1: Ball
1-1: Called Strike
1-2: Foul Ball, location: 2F
1-2: Fly out, F9 (Line Drive, 9, EV 94.4 MPH)
Batting: LHB David Dahl 0-0: Ball
1-0: Ball
2-0: Fly out, F8 (Flyball, 78M, EV 93.8 MPH)
Batting: SHB Francisco Lindor 0-0: Called Strike
0-1: Ball
1-1: Foul Ball, location: 2F
1-2: SINGLE (Line Drive, 7S, EV 91.3 MPH)
Batting: RHB Javier Baez 0-0: Ball
1-0: Ball
2-0: Swinging Strike
2-1: Swinging Strike
2-2: Ball
3-2: Strikes out swinging
Top of the 3rd over - 0 runs, 1 hit, 0 errors, 1 left on base; Miami 1 - Detroit 0
BOTTOM OF THE 3RD
Detroit Tigers batting - Pitching for Miami Marlins : LHP Julio Urias
Batting: SHB Roman Quinn 0-0: Ground out 6-3 (Groundball, 6M, EV 102.5 MPH)
Batting: LHB Kolten Wong 0-0: Swinging Strike
0-1: Ball
1-1: Ball
2-1: Ground out 2-3 (Groundball, 13S, EV 68.1 MPH)
Batting: RHB Jean Segura 0-0: Called Strike
0-1: Ground out 5-3 (Groundball, 56, EV 85.6 MPH)
Bottom of the 3rd over - 0 runs, 0 hits, 0 errors, 0 left on base; Miami 1 - Detroit 0
TOP OF THE 4TH
Miami Marlins batting - Pitching for Detroit Tigers : RHP Joe Ross
Batting: RHB Miguel Andujar 0-0: Ball
1-0: Called Strike
1-1: Fly out, F9 (Flyball, 89M, EV 91.3 MPH)
Batting: LHB Max Kepler 0-0: Foul Ball, location: 2F
0-1: Called Strike
0-2: Ball
1-2: Foul Ball, location: 2F
1-2: Ball
2-2: Foul Ball, location: 2F
2-2: Ball
3-2: Base on Balls
Batting: RHB C.J. Cron 0-0: Foul Ball, location: 2F
0-1: Ball
1-1: Called Strike
1-2: Ball
2-2: Ball
3-2: Base on Balls
Max Kepler to second
Batting: LHB Chance Sisco 0-0: Ball
1-0: Called Strike
1-1: SINGLE (Line Drive, 9S, EV 102.5 MPH)
Max Kepler to third
C.J. Cron to second
Runner from 3rd tries for Home, SAFE, no throw by RF
Batting: RHB Cheslor Cuthbert 0-0: Foul Ball, location: 2F
0-1: Ball
1-1: Foul Ball, location: 2F
1-2: Foul Ball, location: 2F
1-2: Grounds into double play, 5-4-3 (Groundball, 56S, EV 81.9 MPH)
Top of the 4th over - 1 run, 1 hit, 0 errors, 1 left on base; Miami 2 - Detroit 0
BOTTOM OF THE 4TH
Detroit Tigers batting - Pitching for Miami Marlins : LHP Julio Urias
Batting: RHB Starling Marte 0-0: Ball
1-0: Ball
2-0: Fly out, F9 (Flyball, 89M, EV 79.4 MPH)
Batting: RHB Khris Davis 0-0: Fly out, F9 (Flyball, 9LMF, EV 86.9 MPH)
Batting: RHB J.T. Realmuto 0-0: SINGLE (Groundball, 6, EV 86.9 MPH) (infield hit)
Batting: SHB Kendrys Morales 0-0: Fly out, F8 (Flyball, 8LS, EV 79.4 MPH)
Bottom of the 4th over - 0 runs, 1 hit, 0 errors, 1 left on base; Miami 2 - Detroit 0
TOP OF THE 5TH
Miami Marlins batting - Pitching for Detroit Tigers : RHP Joe Ross
Batting: LHB Kyle Tucker 0-0: Ball
1-0: Ball
2-0: Called Strike
2-1: Ball
3-1: Fly out, F4 (Popup, 4MD, EV 30.0 MPH)
Batting: LHB David Dahl 0-0: Ball
1-0: Ball
2-0: Foul Ball, location: 2F
2-1: Ball
3-1: Swinging Strike
3-2: Strikes out looking
Batting: SHB Francisco Lindor 0-0: Ball
1-0: Ball
2-0: Ball
3-0: Called Strike
3-1: Ground out 4-3 (Groundball, 4S, EV 82.5 MPH)
Top of the 5th over - 0 runs, 0 hits, 0 errors, 0 left on base; Miami 2 - Detroit 0
BOTTOM OF THE 5TH
Detroit Tigers batting - Pitching for Miami Marlins : LHP Julio Urias
Batting: LHB Corey Dickerson 0-0: Ball
1-0: Ball
2-0: Ball
3-0: Base on Balls
Batting: RHB J.D. Davis 0-0: Ball
1-0: Foul Ball, location: 2F
1-1: Called Strike
1-2: Ball
2-2: Strikes out looking
Batting: SHB Roman Quinn 0-0: Ball
1-0: Ball
2-0: Ball
3-0: Base on Balls
Corey Dickerson to second
Batting: LHB Kolten Wong 0-0: Foul Ball, location: 2F
0-1: Swinging Strike
0-2: Ball
1-2: Foul Ball, location: 2F
1-2: Strikes out swinging
Batting: RHB Jean Segura 0-0: Called Strike
0-1: Ball
1-1: Swinging Strike
1-2: Fielders Choice at 2nd, 5-4 (Groundball, 56, EV 105.0 MPH)
Bottom of the 5th over - 0 runs, 0 hits, 0 errors, 2 left on base; Miami 2 - Detroit 0
TOP OF THE 6TH
Miami Marlins batting - Pitching for Detroit Tigers : RHP Joe Ross
Pitching: RHP Brian Ellington
Batting: RHB Javier Baez 0-0: Called Strike
0-1: Ball
1-1: Foul Ball, location: 2F
1-2: Ball
2-2: Foul Ball, location: 2F
2-2: Foul Ball, location: 2F
2-2: Strikes out swinging
Batting: RHB Miguel Andujar 0-0: Called Strike
0-1: Foul Ball, location: 2F
0-2: Strikes out swinging
Batting: LHB Max Kepler 0-0: Ball
1-0: Ball
2-0: Called Strike
2-1: Ball
3-1: Foul Ball, location: 2F
3-2: Foul Ball, location: 2F
3-2: Base on Balls
Batting: RHB C.J. Cron 0-0: Ball
1-0: Swinging Strike
1-1: Ball
2-1: Foul Ball, location: 2F
2-2: Foul Ball, location: 2F
2-2: Foul Ball, location: 2F
2-2: Strikes out looking
Top of the 6th over - 0 runs, 0 hits, 0 errors, 1 left on base; Miami 2 - Detroit 0
BOTTOM OF THE 6TH
Detroit Tigers batting - Pitching for Miami Marlins : LHP Julio Urias
Batting: RHB Starling Marte 0-0: SINGLE (Flyball, 9LS, EV 91.3 MPH)
Batting: RHB Khris Davis 0-0: Ball
Starling Marte steals 2nd base
1-0: Foul Ball, location: 2F
1-1: Foul Ball, location: 2F
1-2: Ball
2-2: Foul Ball, location: 2F
2-2: Fly out, F9 (Line Drive, 9, EV 95.6 MPH)
Batting: RHB J.T. Realmuto 0-0: Foul Ball, location: 2F
0-1: Hit by Pitch
Batting: SHB Kendrys Morales 0-0: Called Strike
0-1: Ball
Starling Marte steals 3rd base
1-1: Ball
2-1: Called Strike
2-2: Strikes out looking
Batting: LHB Corey Dickerson 0-0: Called Strike
0-1: Ball
1-1: Ball
2-1: Called Strike
2-2: Ball
3-2: DOUBLE (Line Drive, 7LS, EV 90.0 MPH)
Starling Marte scores
J.T. Realmuto to third
J.T. Realmuto scores
Batting: RHB J.D. Davis 0-0: Called Strike
0-1: Ball
1-1: Foul Ball, location: 2F
1-2: SINGLE (Groundball, 6D, EV 96.3 MPH)
Corey Dickerson to third
Batting: SHB Roman Quinn 0-0: Called Strike
0-1: Ground out 5-3 (Groundball, 56S, EV 70.0 MPH)
Bottom of the 6th over - 2 runs, 3 hits, 0 errors, 2 left on base; Miami 2 - Detroit 2
TOP OF THE 7TH
Miami Marlins batting - Pitching for Detroit Tigers : RHP Brian Ellington
Pitching: RHP Hector Neris
Batting: LHB Chance Sisco 0-0: Ball
1-0: Ball
2-0: Swinging Strike
2-1: Ball
3-1: Swinging Strike
3-2: Foul Ball, location: 2F
3-2: Strikes out swinging
Batting: RHB Cheslor Cuthbert 0-0: Swinging Strike
0-1: Foul Ball, location: 2F
0-2: Ball
1-2: Foul Ball, location: 2F
1-2: Strikes out swinging
Batting: LHB Kyle Tucker 0-0: Ball
1-0: Ball
2-0: Called Strike
2-1: Ball
3-1: Base on Balls
Batting: LHB David Dahl 0-0: Called Strike
Kyle Tucker steals 2nd base
0-1: Ball
1-1: Fly out, F9 (Flyball, 9LS, EV 92.5 MPH)
Top of the 7th over - 0 runs, 0 hits, 0 errors, 1 left on base; Miami 2 - Detroit 2
BOTTOM OF THE 7TH
Detroit Tigers batting - Pitching for Miami Marlins : LHP Julio Urias
Pitching: RHP John Axford
Batting: LHB Kolten Wong 0-0: Ball
1-0: Foul Ball, location: 2F
1-1: Foul Ball, location: 2F
1-2: Ball
2-2: Ground out 4-3 (Groundball, 4M, EV 81.3 MPH)
Batting: RHB Jean Segura 0-0: Ball
1-0: Called Strike
1-1: DOUBLE (Line Drive, 7LS, EV 100.0 MPH)
Pitching: RHP Craig Stammen
Batting: RHB Starling Marte 0-0: Ball
Jean Segura steals 3rd base
1-0: Called Strike
1-1: Foul Ball, location: 2F
1-2: Ball
2-2: Foul Ball, location: 2F
2-2: Foul Ball, location: 2F
2-2: Ball
3-2: DOUBLE (Line Drive, 89D, EV 106.9 MPH)
Jean Segura scores
Batting: RHB Khris Davis 0-0: Ball
1-0: Called Strike
1-1: Ball
Starling Marte steals 3rd base
2-1: Foul Ball, location: 2F
2-2: Foul Ball, location: 2F
2-2: Ball
3-2: SINGLE (Groundball, 56, EV 101.3 MPH) (infield hit)
Starling Marte scores
Batting: RHB J.T. Realmuto 0-0: Ball
1-0: Foul Ball, location: 2F
1-1: Grounds into double play, 5-4-3 (Groundball, 5, EV 105.0 MPH)
Bottom of the 7th over - 2 runs, 3 hits, 0 errors, 0 left on base; Miami 2 - Detroit 4
TOP OF THE 8TH
Miami Marlins batting - Pitching for Detroit Tigers : RHP Hector Neris
Pitching: LHP Will Smith
Batting: SHB Francisco Lindor 0-0: Ball
1-0: Foul Ball, location: 2F
1-1: Ball
2-1: Ball
3-1: Base on Balls
Batting: RHB Javier Baez 0-0: Called Strike
0-1: Swinging Strike
0-2: Fly out, F5 (Popup, 5F, EV 77.5 MPH)
Batting: RHB Miguel Andujar 0-0: Called Strike
0-1: Foul Ball, location: 2F
0-2: Fly out, F6 (Popup, P, EV 85.0 MPH)
Batting: LHB Max Kepler 0-0: Foul Ball, location: 2F
0-1: Ball
1-1: Swinging Strike
1-2: Ball
2-2: Strikes out swinging
Top of the 8th over - 0 runs, 0 hits, 0 errors, 1 left on base; Miami 2 - Detroit 4
BOTTOM OF THE 8TH
Detroit Tigers batting - Pitching for Miami Marlins : RHP Craig Stammen
Pitching: RHP Kevin Ginkel
Batting: SHB Kendrys Morales 0-0: Ball
1-0: Ball
2-0: Ball
3-0: Called Strike
3-1: Called Strike
3-2: Base on Balls
Batting: LHB Corey Dickerson 0-0: Called Strike
0-1: Swinging Strike
0-2: Grounds into double play, 6-4-3 (Groundball, 6, EV 109.4 MPH)
Batting: RHB J.D. Davis 0-0: Ball
1-0: Foul Ball, location: 2F
1-1: Foul Ball, location: 2F
1-2: Ball
2-2: Strikes out swinging
Bottom of the 8th over - 0 runs, 0 hits, 0 errors, 0 left on base; Miami 2 - Detroit 4
TOP OF THE 9TH
Miami Marlins batting - Pitching for Detroit Tigers : LHP Will Smith
Pitching: LHP Zack Britton
Batting: RHB C.J. Cron 0-0: Ball
1-0: Ball
2-0: Ball
3-0: Base on Balls
Batting: LHB Chance Sisco 0-0: Ball
1-0: Foul Ball, location: 2F
1-1: Ball
2-1: SINGLE (Flyball, 7LS, EV 95.6 MPH)
C.J. Cron to second
Pitching: LHP Tyler Lyons
Batting: RHB Cheslor Cuthbert 0-0: Called Strike
0-1: Ball
1-1: Ball
2-1: SINGLE (Line Drive, 3D, EV 97.5 MPH)
C.J. Cron to third
Chance Sisco to second
Batting: LHB Kyle Tucker 0-0: Fly out, F7 (Flyball, 8LS, EV 91.9 MPH)
Batting: LHB David Dahl 0-0: Ball
1-0: Swinging Strike
1-1: Foul Ball, location: 2F
1-2: Ball
2-2: Strikes out swinging
Batting: SHB Francisco Lindor 0-0: Called Strike
0-1: Foul Ball, location: 2F
0-2: Foul Ball, location: 2F
0-2: Foul Ball, location: 2F
0-2: SINGLE (Line Drive, 89S, EV 95.6 MPH)
C.J. Cron scores
Chance Sisco to third
Cheslor Cuthbert to second
Runner from 3rd tries for Home, SAFE, no throw by RF
Batting: RHB Javier Baez 0-0: Fly out, F9 (Flyball, 9LM, EV 103.8 MPH)
Top of the 9th over - 2 runs, 3 hits, 0 errors, 2 left on base; Miami 4 - Detroit 4
BOTTOM OF THE 9TH
Detroit Tigers batting - Pitching for Miami Marlins : RHP Kevin Ginkel
Pitching: RHP Blake Wood
Batting: SHB Roman Quinn 0-0: Ball
1-0: Called Strike
1-1: Foul Ball, location: 2F
1-2: Foul Ball, location: 2F
1-2: Strikes out swinging
Batting: LHB Kolten Wong 0-0: Called Strike
0-1: Swinging Strike
0-2: Strikes out swinging
Batting: RHB Jean Segura 0-0: Ball
1-0: Ground out 3-1 (Groundball, 34, EV 90.6 MPH)
Bottom of the 9th over - 0 runs, 0 hits, 0 errors, 0 left on base; Miami 4 - Detroit 4
TOP OF THE 10TH
Miami Marlins batting - Pitching for Detroit Tigers : LHP Tyler Lyons
Batting: RHB Miguel Andujar 0-0: Called Strike
0-1: Ball
1-1: Ball
2-1: Called Strike
2-2: Ground out 5-3 (Groundball, 56S, EV 84.4 MPH)
Batting: LHB Max Kepler 0-0: Foul Ball, location: 2F
0-1: Swinging Strike
0-2: Foul Ball, location: 2F
0-2: Ball
1-2: Ball
2-2: Ball
3-2: Strikes out looking
Pitching: RHP Pedro Baez
Batting: RHB C.J. Cron 0-0: DOUBLE (Flyball, 8LXD, EV 106.3 MPH)
Batting: LHB Chance Sisco 0-0: Foul Ball, location: 2F
0-1: Ball
1-1: Swinging Strike
1-2: Strikes out looking
Top of the 10th over - 0 runs, 1 hit, 0 errors, 1 left on base; Miami 4 - Detroit 4
BOTTOM OF THE 10TH
Detroit Tigers batting - Pitching for Miami Marlins : RHP Blake Wood
Batting: RHB Starling Marte 0-0: Swinging Strike
0-1: Foul Ball, location: 2F
0-2: Ball
1-2: Foul Ball, location: 2F
1-2: Strikes out swinging
Batting: RHB Khris Davis 0-0: Called Strike
0-1: Ball
1-1: Ball
2-1: Foul Ball, location: 2F
2-2: Foul Ball, location: 2F
2-2: Strikes out swinging
Batting: RHB J.T. Realmuto 0-0: Ball
1-0: Swinging Strike
1-1: Ball
2-1: Called Strike
2-2: Foul Ball, location: 2F
2-2: Strikes out swinging
Bottom of the 10th over - 0 runs, 0 hits, 0 errors, 0 left on base; Miami 4 - Detroit 4
TOP OF THE 11TH
Miami Marlins batting - Pitching for Detroit Tigers : RHP Pedro Baez
Batting: RHB Cheslor Cuthbert 0-0: Ball
1-0: Called Strike
1-1: Called Strike
1-2: Strikes out swinging
Batting: LHB Kyle Tucker 0-0: Swinging Strike
0-1: Ball
1-1: Foul Ball, location: 2F
1-2: Strikes out swinging
Batting: LHB David Dahl 0-0: Swinging Strike
0-1: SOLO HOME RUN (Line Drive, 9D, EV 100.0 MPH), Distance : 376 ft
Batting: SHB Francisco Lindor 0-0: Ball
1-0: Ball
2-0: Ball
3-0: Called Strike
3-1: Base on Balls
Pitching: LHP Wade LeBlanc
Batting: RHB Javier Baez 0-0: Ball
1-0: Called Strike
1-1: 2-RUN HOME RUN (Flyball, 7D, EV 96.9 MPH), Distance : 385 ft
Batting: RHB Miguel Andujar 0-0: Called Strike
0-1: Called Strike
0-2: Foul Ball, location: 2F
0-2: Foul Ball, location: 2F
0-2: Fly out, F2 (Popup, 2RF, EV 96.3 MPH)
Top of the 11th over - 3 runs, 2 hits, 0 errors, 0 left on base; Miami 7 - Detroit 4
BOTTOM OF THE 11TH
Detroit Tigers batting - Pitching for Miami Marlins : RHP Blake Wood
Batting: SHB Kendrys Morales 0-0: Ball
1-0: Foul Ball, location: 2F
1-1: Ball
2-1: Foul Ball, location: 2F
2-2: Ball
3-2: Base on Balls
Pitching: RHP Zach Putnam
Batting: LHB Corey Dickerson 0-0: Swinging Strike
0-1: Ball
1-1: Fly out, F4 (Line Drive, 4, EV 61.9 MPH)
Batting: RHB J.D. Davis 0-0: Called Strike
0-1: Ball
1-1: Foul Ball, location: 2F
1-2: Grounds into double play, U6-3 (Groundball, 4M, EV 89.4 MPH)
Bottom of the 11th over - 0 runs, 0 hits, 0 errors, 0 left on base; Miami 7 - Detroit 4
Sunday, August 25th, 2019 - OOTP Baseball 20.6 Build 54